 Dungeon Crawl Stone Soup version 0.17-a0-1324-ga541562 (webtiles) character file.

14663 tinkerttoy the Cleaver (level 11, -3/101 (102) HPs)
             Began as a Minotaur Fighter on June 10, 2015.
             Was a High Priest of Qazlal.
             Slain by a sheep (4 damage)
             ... led by a cyclops
             ... on level 11 of the Dungeon.
             The game lasted 00:35:01 (11387 turns).

tinkerttoy the Cleaver (Minotaur Fighter)          Turns: 11387, Time: 00:35:01

HP:   -3/101 (102)  AC: 16    Str: 21    XL:     11   Next: 91%
MP:   10/10         EV: 15    Int:  5    God:    Qazlal [*****.]
Gold: 442           SH:  6    Dex: 13    Spells: 0 memorised, 10 levels left

rFire  + . .     SeeInvis .     a - +0 war axe
rCold  . . .     Clarity  .     b - +0 scale mail
rNeg   . . .     SustAt   .     (no shield)
rPois  .         Gourm    .     (helmet restricted)
rElec  .         Spirit   .     D - +0 cloak
rCorr  .         Warding  .     l - +1 pair of gloves
rMut   .         Stasis   .     (no boots)
MR     .....                    (no amulet)
Stlth  ..........               h - +2 ring of slaying
                                c - ring of protection from fire

@: protected from physical damage, repel missiles, not resistant to hostile
enchantments, extremely unstealthy
A: retaliatory headbutt, horns 2
a: Upheaval, Elemental Force, Disaster Area, Renounce Religion


You were on level 11 of the Dungeon.
You worshipped Qazlal.
Qazlal was extremely pleased with you.
You were not hungry.

You visited 2 branches of the dungeon, and saw 12 of its levels.

You collected 442 gold pieces.

Inventory:

Hand weapons
 a - a +0 war axe (weapon)
Missiles
 g - 221 stones (quivered)
 n - 10 javelins
 p - 7 tomahawks
 A - 2 tomahawks of dispersal
Armour
 b - a +0 scale mail (worn)
 l - a +1 pair of gloves (worn)
 D - a +0 cloak (worn)
Jewellery
 c - a ring of protection from fire (left hand)
 h - a +2 ring of slaying (right hand)
 i - an uncursed amulet of resist corrosion
 r - an uncursed amulet of warding {unknown}
Magical devices
 o - a wand of polymorph (8)
 t - a wand of lightning (6)
 w - a wand of enslavement (24)
Scrolls
 d - a scroll of amnesia
 f - 10 scrolls of teleportation
 j - 10 scrolls of identify
 m - a scroll of remove curse
 q - a scroll of fear
 u - 3 scrolls of fog
 y - 2 scrolls of recharging
Potions
 v - a potion of magic
Comestibles
 e - 4 bread rations
 k - 4 meat rations
 s - 5 beef jerkies
 x - 15 royal jellies
 z - a chunk of flesh
 B - 3 fruits


   Skills:
 + Level 11.3 Fighting
 + Level 12.7 Axes
 + Level 4.7 Throwing
 + Level 11.0 Armour
 + Level 9.9 Dodging
   Level 3.6 Shields


You had 10 spell levels left.
You didn't know any spells.

Dungeon Overview and Level Annotations

Branches:
Dungeon (11/15)            Temple (1/1) D:5            Lair (0/8) D:8
    Orc (0/4) D:11

Altars:
Ashenzari
Cheibriados
Dithmenos
Elyvilon
Fedhas
Gozag
Kikubaaqudgha
Makhleb
Nemelex Xobeh
Okawaru
Qazlal
Ru
Sif Muna
Trog
Vehumet
Xom
Yredelemnul
Zin
The Shining One
Beogh
Jiyva

Shops:
D:4 }   D:10 =

Portals:
Trove: D:10 (lose all piety)

Annotations:
D:9 exclusions: ice statue and orange crystal statue


Innate Abilities, Weirdness & Mutations

You reflexively headbutt those who attack you in melee.
You have a pair of horns on your head.


Message History

j - 10 scrolls of identify (gained 3)
You hear a shout!
A cyclops comes into view.
Something shouts, "Scamper home, thou puny ill-breeding lout!"
An orc and a shadow imp come into view.
You hear a shout!
Things that are here:
an uncursed shortbow; 12 arrows; a centaur corpse You hear a shout!
The cyclops throws a large rock.
The large rock hits you!
* * * LOW HITPOINT WARNING * * *
Things that are here:
a large rock; 2 arrows You completely miss the sheep.
You headbutt the sheep!
The sheep is heavily wounded.
An orc comes into view. It is wielding a flail.
You slash the sheep!
The sheep is almost dead.
The sheep bites you.
You die...

......##....##..#
#..# #.....#
........# ##..#
##...## #.....#
##..## .######.
#....###...# .#
...###..........###
.#
.:...§..§.........#
##
.........##.§..(.....
#
..o.....###§....###..
..C....))#@.§..## #
...o.†§))YY....#
....5..§....§..#
....##........## .#..
###......# #..
##......# #. #......#
##....... .......


You could see 2 sheep, a shadow imp and an orc.

Vanquished Creatures
  The ghost of promet the Ducker, a powerful NaWr of Qazlal (D:10)
  A hydra (D:11)
  Urug (D:10)
  An unseen horror (D:10)
  A flayed ghost (D:11)
  Pikel (D:6)
  A hill giant (D:10)
  A cyclops (D:8)
  An ugly thing (D:11)
  A centaur zombie (D:11)
  A queen bee (D:9)
  A troll (D:10)
  Grinder (D:3)
  A two-headed ogre (D:11)
  3 yaks (D:11)
  2 shadows (D:11)
  A wyvern (D:9)
  2 deep elf magi (D:10)
  4 wraiths (D:11)
  2 fire bats (D:11)
  A deep elf fighter (D:8)
  A hungry ghost (D:9)
  2 hippogriffs
  A water moccasin (D:10)
  2 soldier ants (D:8)
  Duvessa (D:7)
  6 orc warriors
  A necrophage (D:11)
  2 black bears
  A slave (D:6)
  A phantom (D:7)
  2 wasps
  2 sky beasts
  7 centaurs
  3 ice beasts
  5 ogres
  4 giant frogs
  A gnoll sergeant (D:7)
  A water moccasin zombie (D:6)
  Dowan (D:7)
  6 scorpions
  A wyvern skeleton (D:6)
  19 killer bees
  4 crimson imps
  A quasit (D:6)
  3 giant frog zombies
  A wasp zombie (D:9)
  A giant frog skeleton (D:6)
  3 hounds
  8 jellies
  2 orc wizards
  A centaur skeleton (D:10)
  4 orc priests
  4 iguanas
  4 sheep (D:8)
  9 worker ants
  4 gnolls (D:7)
  13 adders
  A river rat (D:8)
  5 shadow imps
  An adder zombie (D:5)
  2 oozes
  An adder skeleton (D:8)
  5 worms
  7 giant geckos
  32 orcs
  39 bats
  2 bat skeletons
  6 giant cockroaches
  14 hobgoblins
  15 jackals
  18 kobolds
  A giant gecko zombie (D:7)
  6 giant newts
  15 goblins
  5 quokkas
  26 rats
  7 fungi (D:8)
  2 plants (D:8)
371 creatures vanquished.

Vanquished Creatures (others)
  A toadstool (D:5)
1 creature vanquished.

Grand Total: 372 creatures vanquished

Notes
Turn   | Place    | Note
--------------------------------------------------------------
     0 | D:1      | tinkerttoy the Minotaur Fighter began the quest for the Orb.
     0 | D:1      | Reached XP level 1. HP: 19/19 MP: 0/0
     6 | D:1      | Noticed a crocodile
     6 | D:1      | Noticed a black bear
     7 | D:1      | Noticed a fire drake
     8 | D:1      | Noticed a swamp worm
    52 | D:1      | Reached skill level 4 in Armour
    93 | D:1      | Reached XP level 2. HP: 16/27 MP: 1/1
   628 | D:2      | Reached XP level 3. HP: 30/33 MP: 2/2
   993 | D:2      | Reached skill level 1 in Throwing
  1199 | D:2      | Found a sparkling altar of Nemelex Xobeh.
  1312 | D:2      | Reached XP level 4. HP: 40/40 MP: 3/3
  1665 | D:3      | Reached skill level 5 in Armour
  1867 | D:3      | Reached skill level 1 in Dodging
  1979 | D:3      | Noticed Grinder
  1993 | D:3      | Paralysed by Grinder for 6 turns
  2008 | D:3      | Paralysed by Grinder for 3 turns
  2017 | D:3      | Paralysed by Grinder for 5 turns
  2024 | D:3      | Killed Grinder
  2024 | D:3      | Reached XP level 5. HP: 6/47 MP: 4/4
  2024 | D:3      | Reached XP level 6. HP: 6/53 MP: 5/5
  2086 | D:3      | Reached skill level 6 in Armour
  2984 | D:4      | Reached XP level 7. HP: 60/60 MP: 6/6
  3047 | D:4      | Found Kogh's Gadget Emporium.
  3103 | D:4      | Reached skill level 7 in Armour
  3118 | D:4      | Reached skill level 5 in Fighting
  3399 | D:4      | Found a glowing golden altar of the Shining One.
  3480 | D:4      | Found a deep blue altar of Sif Muna.
  3480 | D:4      | Found a radiant altar of Vehumet.
  3512 | D:5      | Entered Level 5 of the Dungeon
  3768 | D:5      | Reached skill level 5 in Axes
  3802 | D:5      | Found a staircase to the Ecumenical Temple.
  3808 | Temple   | Entered the Ecumenical Temple
  3873 | Temple   | Became a worshipper of Qazlal Stormbringer
  4196 | D:5      | Reached XP level 8. HP: 16/69 MP: 7/7
  4688 | D:5      | Found a viscous altar of Jiyva.
  4948 | D:6      | Noticed Pikel
  4962 | D:6      | Killed Pikel
  4962 | D:6      | Acquired Qazlal's first power
  4962 | D:6      | Reached skill level 8 in Armour
  4962 | D:6      | Reached skill level 5 in Dodging
  4962 | D:6      | Reached XP level 9. HP: 25/79 MP: 8/8
  5600 | D:7      | Found a sacrificial altar of Ru.
  5710 | D:7      | HP: 1/79 [orc warrior/halberd (17)]
  5721 | D:7      | Acquired Qazlal's second power
  6117 | D:7      | Noticed Duvessa
  6120 | D:7      | Noticed Dowan
  6122 | D:7      | Killed Duvessa
  6131 | D:7      | Killed Dowan
  6847 | D:8      | Noticed a cyclops
  6858 | D:8      | Killed a cyclops
  6858 | D:8      | Reached skill level 9 in Axes
  7764 | D:8      | Found a staircase to the Lair.
  7998 | D:8      | Reached XP level 10. HP: 65/88 MP: 9/9
  8100 | D:8      | Found a glowing silver altar of Zin.
  8555 | D:8      | Found a bloodstained altar of Trog.
  8556 | D:8      | Found an iron altar of Okawaru.
  8589 | D:8      | Acquired Qazlal's third power
  8724 | D:9      | Noticed an ice statue
  8801 | D:9      | Reached skill level 10 in Axes
  8828 | D:9      | HP: 5/136 [killer bee zombie[a shadow imp] (2)]
  8829 | D:9      | HP: 1/136 [killer bee zombie[a shadow imp] (2)]
  9106 | D:10     | Entered Level 10 of the Dungeon
  9106 | D:10     | Found Revuuxeth's Jewellery Emporium.
  9217 | D:10     | Killed an unseen horror
  9217 | D:10     | Reached skill level 10 in Armour
  9482 | D:10     | Found a portal to a secret trove of treasure.
  9719 | D:10     | Noticed Urug
  9730 | D:10     | Killed Urug
  9730 | D:10     | Acquired Qazlal's fourth power
  9730 | D:10     | Reached XP level 11. HP: 34/99 MP: 10/10
  9808 | D:10     | Reached skill level 11 in Axes
  9846 | D:10     | Noticed promet's ghost (powerful NaWr)
  9909 | D:10     | Noticed a hill giant
  9917 | D:10     | Killed a hill giant
  9917 | D:10     | Reached skill level 10 in Fighting
 10232 | D:10     | Killed promet's ghost
 10508 | D:11     | Found a deep blue altar of Sif Muna.
 10679 | D:11     | Found a glowing silver altar of Zin.
 10698 | D:11     | Found a runed door.
 10718 | D:11     | Found a stormy altar of Qazlal.
 10768 | D:11     | Found a radiant altar of Vehumet.
 10782 | D:11     | Found a burning altar of Makhleb.
 10794 | D:11     | Found a white marble altar of Elyvilon.
 10880 | D:11     | Noticed a flayed ghost
 10886 | D:11     | Killed a flayed ghost
 10937 | D:11     | Reached skill level 12 in Axes
 11180 | D:11     | Found a staircase to the Orcish Mines.
 11214 | D:11     | Found a roughly hewn altar of Beogh.
 11308 | D:11     | Acquired Qazlal's fifth power
 11367 | D:11     | Noticed a six-headed hydra
 11377 | D:11     | Killed a nine-headed hydra
 11384 | D:11     | HP: 1/101 [cyclops/large rock (8)]
 11387 | D:11     | Slain by a sheep

Vault maps used:
D:1:      onia_arrival_zoo_common
D:2:      nemelex_xobeh_ov_fountains_minmay, hangedman_decor_points
D:3:      uniq_grinder
D:4:      gammafunk_temple_overflow_pools, serial_shops, nicolae_shop_stone,
          first_bread, nicolae_tso_swordbearing_angel
D:5:      minmay_temple_entry_trees, minmay_misc_feat_four_crosses,
          grunt_decor_clamped, lasty_cornered_adventurer
D:6:      uniq_pikel
D:7:      hangedman_ru_absence, uniq_duvessa
D:8:      grunt_temple_overflow_bloody_war, old_standard_altar,
          grunt_lair_entry_elf_guard_hut, hangedman_pestilent_swarm
D:9:      minmay_separated_statues, special_room
D:10:     serial_shops, nicolae_shop_stone, enter_trove_2, uniq_urug
D:11:     due_megacathedral, minmay_orc_entry_temple_small
Temple:   circular_temple_12

Action                   |  1- 3 |  4- 6 |  7- 9 | 10-12 || total
-------------------------+-------+-------+-------+-------++-------
Melee: War axe           |    90 |   105 |   375 |   367 ||   937
Throw: Stone             |    39 |    33 |    49 |     1 ||   122
       Javelin           |       |     9 |     2 |       ||    11
  Use: Scroll            |     5 |     2 |     2 |     5 ||    14
       Potion            |     2 |     2 |     4 |     8 ||    16
 Stab: Distracted        |       |       |       |     1 ||     1
  Eat: Chunk             |     1 |     2 |     6 |     6 ||    15
       Bread ration      |       |     1 |       |       ||     1
       Fruit             |       |       |     3 |       ||     3
       Beef jerky        |       |       |     1 |       ||     1
       Meat ration       |       |       |     1 |     1 ||     2
       Royal jelly       |       |       |       |     1 ||     1
